 Dungeon Crawl Stone Soup version 0.29-a0-284-gf9362112df (webtiles) character file.

Game seed: 226104572611025294

503 garrulousMonolith the Insei (level 7, -6/52 HPs)
             Began as a Gnoll Transmuter on Mar 24, 2022.
             Was a Follower of Dithmenos.
             Mangled by a gnoll
             ... wielding a +0 club
              (8 damage)
             ... on level 5 of the Dungeon.
             The game lasted 00:05:16 (5295 turns).

garrulousMonolith the Insei (Gnoll Transmuter)      Turns: 5295, Time: 00:05:17

Health: -6/52      AC:  3    Str:  9    XL:     7   Next: 17%
Magic:  15/15      EV: 11    Int: 15    God:    Dithmenos [*.....]
Gold:   196        SH:  8    Dex: 12    Spells: 11/17 levels left

rFire   . . .      SeeInvis .   r - +5 dagger
rCold   . . .      Faith    .   w - +0 kite shield
rNeg    . . .      Spirit   .   j - +0 leather armour
rPois   .          Reflect  .   (helmet currently unavailable)
rElec   .          Harm     .   (no cloak)
rCorr   .          Rampage  .   (no gloves)
Will    .....                   (boots currently unavailable)
Stlth   ++........              (no amulet)
HPRegen 0.17/turn               n - ring of flight
MPRegen 0.14/turn               (no ring)

@: appendages, flying, wreathed by umbra
A: horns 2, talons 2, fangs 1, strong nose, distributed training
a: End Transformation, Renounce Religion


You were on level 5 of the Dungeon.
You worshipped Dithmenos.
Dithmenos was aware of your devotion.
You had temporarily grown beastly horns and talons.
You visited 1 branch of the dungeon, and saw 5 of its levels.

You collected 196 gold pieces.

Inventory:

Hand Weapons
 m - the +3 spear "Qizik Wobin" {vorpal, rElec Str+3 Dex+5}
   (You found it on level 2 of the Dungeon)

   It inflicts extra damage upon your enemies.
   Str:       It affects your strength (+3).
   Dex:       It affects your dexterity (+5).
   rElec:     It insulates you from electricity.
 r - a +5 dagger (weapon)
Missiles
 h - 2 boomerangs
 k - 5 poisoned darts
Armour
 a - a +0 robe
 j - a +0 leather armour (worn)
 w - a +0 kite shield (worn)
Magical Staves
 y - a staff of air
Jewellery
 n - a ring of flight (left hand)
Wands
 s - a wand of paralysis (7)
 v - a wand of flame (4)
Scrolls
 c - a scroll of fog {unknown}
 f - a scroll of blinking {unknown}
 g - a scroll of fear {unknown}
 q - a scroll of immolation {unknown}
 t - 2 scrolls of magic mapping {unknown}
 x - a scroll of silence {unknown}
Potions
 b - a potion of lignification
 d - a potion of haste
 e - a potion of flight {unknown}
 i - a potion of curing {unknown}
 l - 2 potions of degeneration
 o - a potion of heal wounds {unknown}
 p - 3 potions of brilliance
 u - a potion of might


   Skills:
 + Level 3.5 Fighting
 + Level 2.3 Short Blades
 + Level 2.3 Long Blades
 + Level 2.3 Axes
 + Level 2.3 Maces & Flails
 + Level 2.3 Polearms
 + Level 2.3 Staves
 + Level 2.3 Slings
 + Level 2.3 Bows
 + Level 2.3 Crossbows
 + Level 2.3 Throwing
 + Level 2.3 Armour
 + Level 5.1 Dodging
 + Level 2.3 Stealth
 + Level 2.3 Shields
 + Level 7.0 Unarmed Combat
 + Level 5.5 Spellcasting
 + Level 1.9 Conjurations
 + Level 1.9 Hexes
 + Level 1.9 Summonings
 + Level 1.9 Necromancy
 + Level 1.9 Translocations
 + Level 4.2 Transmutations
 + Level 1.9 Fire Magic
 + Level 1.9 Ice Magic
 + Level 1.9 Air Magic
 + Level 1.9 Earth Magic
 + Level 1.9 Poison Magic
 + Level 2.5 Invocations
 + Level 2.3 Evocations


You had 11 spell levels left.
You knew the following spells:

 Your Spells              Type           Power      Damage    Failure   Level
a - Beastly Appendage     Tmut           34%        N/A       12%         1
b - Wereblood             Tmut           17%        N/A       19%         2
c - Spider Form           Tmut/Pois      13%        N/A       52%         3

Your spell library contained the following spells:

 Spells                   Type           Power      Damage    Failure   Level
 Tukima's Dance           Hex            9%         N/A       67%         3
 Ice Form                 Ice/Tmut       13%        N/A       89%         4
 Anguish                  Hex/Necr       4%         N/A       97%         4
 Enfeeble                 Hex            4%         N/A       100%        7


Dungeon Overview and Level Annotations

Branches:
Dungeon (5/15)
 Temple: D:4-7

Altars:
Dithmenos
Makhleb
Qazlal


Innate Abilities, Weirdness & Mutations

You have temporarily grown beastly horns and talons.
You have very sharp teeth.
Your uncanny sense of smell can sniff out nearby items.
Your experience applies equally to all skills.


Message History

The gnoll hits you with a +0 club. The gnoll closely misses you.
You are too injured to fight recklessly!
You are too injured to fight recklessly!
You are too injured to fight recklessly!
You are too injured to fight recklessly!
You are too injured to fight recklessly!
You are too injured to fight recklessly!
You hit the gnoll sergeant but do no damage.
You claw the gnoll sergeant.
The gnoll sergeant is heavily wounded.
A nearby plant withers and dies. x3
The gnoll hits you from afar with a +0 spear.
The gnoll sergeant hits you with a +0 spear.
The gnoll closely misses you. The gnoll hits you with a +0 club.
You hit the gnoll sergeant but do no damage.
You claw the gnoll sergeant.
You bite the gnoll sergeant, but do no damage.
The gnoll sergeant is severely wounded.
The gnoll hits you with a +0 club. The gnoll misses you.
The gnoll sergeant completely misses you.
You block the gnoll's attack.
You hit the gnoll sergeant. You claw the gnoll sergeant.
You kill the gnoll sergeant!
Dithmenos accepts your kill. You block the gnoll's attack.
The gnoll hits you from afar with a +0 spear!
The gnoll misses you.
Your Unarmed Combat skill increases to level 7!
You hit the gnoll.
The gnoll is heavily wounded.
The gnoll hits you from afar with a +0 halberd!
* * * LOW HITPOINT WARNING * * *
The gnoll completely misses you. The gnoll hits you with a +0 club.
* * * LOW HITPOINT WARNING * * *
You hit the gnoll. Your kick misses the gnoll.
The gnoll is heavily wounded.
The gnoll barely misses you. x3
Okay, then.
The gnoll attacks as you move away! The gnoll hits you with a +0 club!
You die...

#.. #..........### ..
#... #..........#..
...#... #......#####..
..?+...## #......#......
........###......#......
...P.P...##......#..##'#
.PP....P..#......#..##..
....P.g).........#...#.<
.P.P.gP@.##......#..##..
.P.P.g.P.##......#####..
.P...P.P..#......+ ...
...PPPP..........# ....
........#########.......
##.#...## ...##.. #.....
.## #.. ###...


You could see 3 gnolls.

Vanquished Creatures
  A sky beast (D:3)
  A phantom (D:5)
  A necrophage (D:3)
  A gnoll sergeant (D:5)
  A jelly (D:4)
  An iguana (D:5)
  6 adders
  An ufetubus (D:4)
  A worm (D:3)
  3 dart slugs
  7 orcs
  6 endoplasms
  3 giant cockroaches
  9 goblins
  4 hobgoblins
  11 jackals
  6 kobolds
  2 quokkas
  8 ball pythons
  7 bats
  5 frilled lizards
  5 rats
90 creatures vanquished.

Vanquished Creatures (others)
  4 plants (D:5)
4 creatures vanquished.

Grand Total: 94 creatures vanquished

Notes
Turn   | Place    | Note
-------+----------+-------------------------------------------
     0 | D:1      | garrulousMonolith the Gnoll Transmuter began the quest for
                  | the Orb.
     0 | D:1      | Reached XP level 1. HP: 17/17 MP: 6/6
     6 | D:1      | Noticed a black mamba
     6 | D:1      | Noticed a swamp drake
     7 | D:1      | Noticed a killer bee
    78 | D:1      | Reached XP level 2. HP: 17/23 MP: 3/7
   739 | D:1      | Learned a level 2 spell: Wereblood
  1048 | D:1      | Reached XP level 3. HP: 23/28 MP: 7/9
  1052 | D:1      | Learned a level 3 spell: Spider Form
  1182 | D:1      | Reached skill level 5 in Spellcasting
  1523 | D:2      | Reached skill level 1 in Invocations
  2081 | D:2      | Reached skill level 1 in Short Blades
  2081 | D:2      | Reached skill level 1 in Long Blades
  2081 | D:2      | Reached skill level 1 in Axes
  2081 | D:2      | Reached skill level 1 in Maces & Flails
  2081 | D:2      | Reached skill level 1 in Polearms
  2081 | D:2      | Reached skill level 1 in Staves
  2081 | D:2      | Reached skill level 1 in Slings
  2081 | D:2      | Reached skill level 1 in Bows
  2081 | D:2      | Reached skill level 1 in Crossbows
  2081 | D:2      | Reached skill level 1 in Throwing
  2081 | D:2      | Reached skill level 1 in Armour
  2081 | D:2      | Reached skill level 1 in Stealth
  2081 | D:2      | Reached skill level 1 in Shields
  2081 | D:2      | Reached skill level 1 in Evocations
  2249 | D:2      | Reached XP level 4. HP: 32/34 MP: 9/11
  2290 | D:2      | Found a shadowy altar of Dithmenos.
  2311 | D:2      | Became a worshipper of Dithmenos the Shadowed
  2570 | D:2      | Identified the +3 spear "Qizik Wobin" {vorpal, rElec Str+3
                  | Dex+5}
  2813 | D:3      | Noticed a necrophage
  2819 | D:3      | Killed a necrophage
  2820 | D:3      | Reached skill level 1 in Conjurations
  2820 | D:3      | Reached skill level 1 in Hexes
  2820 | D:3      | Reached skill level 1 in Summonings
  2820 | D:3      | Reached skill level 1 in Necromancy
  2820 | D:3      | Reached skill level 1 in Translocations
  2820 | D:3      | Reached skill level 1 in Fire Magic
  2820 | D:3      | Reached skill level 1 in Ice Magic
  2820 | D:3      | Reached skill level 1 in Air Magic
  2820 | D:3      | Reached skill level 1 in Earth Magic
  2820 | D:3      | Reached skill level 1 in Poison Magic
  2820 | D:3      | Reached XP level 5. HP: 30/40 MP: 12/12
  2892 | D:3      | Noticed a sky beast
  2905 | D:3      | Killed a sky beast
  3103 | D:3      | Reached XP level 6. HP: 42/47 MP: 11/13
  3613 | D:3      | Reached * piety under Dithmenos
  3973 | D:4      | Reached skill level 5 in Dodging
  3974 | D:4      | Found a burning altar of Makhleb.
  3974 | D:4      | Noticed a blizzard demon
  4102 | D:4      | Found a stormy altar of Qazlal.
  4857 | D:5      | Entered Level 5 of the Dungeon
  5156 | D:5      | Reached XP level 7. HP: 38/52 MP: 15/15
  5293 | D:5      | Reached skill level 7 in Unarmed Combat
  5293 | D:5      | HP: 2/52 [gnoll/+0 club (4)]
  5295 | D:5      | Mangled by a gnoll

Illustrated notes

Levels and vault maps discovered:
D:1:      onia_arrival_zoo_common, layout_basic
D:2:      layout_basic, basic_altar
D:3:      layout_loops_ring, chequers_serial_rivers_large_b
D:4:      layout_cave_pods, lemuel_coloured_pillars_altar,
          makhleb_altar_promises_db, minmay_unequal
D:5:      layout_gridville, nicolae_grassy_gnolls, uniq_eustachio

Skill      XL: |  1  2  3  4  5  6  7 |
---------------+----------------------+-----
Spellcasting   | 5 |  5.5
Invocations    | 1 2 |  2.5
Short Blades   | 1 2 |  2.3
Long Blades    | 1 2 |  2.3
Axes           | 1 2 |  2.3
Maces & Flails | 1 2 |  2.3
Polearms       | 1 2 |  2.3
Staves         | 1 2 |  2.3
Slings         | 1 2 |  2.3
Bows           | 1 2 |  2.3
Crossbows      | 1 2 |  2.3
Throwing       | 1 2 |  2.3
Armour         | 1 2 |  2.3
Stealth        | 1 2 |  2.3
Shields        | 1 2 |  2.3
Evocations     | 1 2 |  2.3
Conjurations   | 1 |  1.9
Hexes          | 1 |  1.9
Summonings     | 1 |  1.9
Necromancy     | 1 |  1.9
Translocations | 1 |  1.9
Fire Magic     | 1 |  1.9
Ice Magic      | 1 |  1.9
Air Magic      | 1 |  1.9
Earth Magic    | 1 |  1.9
Poison Magic   | 1 |  1.9
Fighting       | 3 |  3.5
Transmutations | 4 |  4.2
Dodging        | 5 |  5.1
Unarmed Combat | 7 |  7.0

Action                   |  1- 3 |  4- 6 |  7- 9 || total
-------------------------+-------+-------+-------++-------
Melee: Unarmed           |    86 |    13 |       ||    99
       Kick              |    13 |    14 |     3 ||    30
       Headbutt          |    11 |    15 |       ||    26
       Bite              |     8 |    11 |     1 ||    20
       Punch             |     2 |     2 |       ||     4
       Spear             |       |    59 |       ||    59
       Dagger            |       |    69 |     6 ||    75
 Cast: Beastly Appendage |    41 |    24 |     1 ||    66
  Use: Scroll            |       |     4 |       ||     4
 Stab: Sleeping          |       |     1 |       ||     1
Armor: Robe              |     9 |       |       ||     9
       Leather armour    |    16 |    22 |       ||    38
Dodge: Dodged            |    88 |    96 |    10 ||   194
Block: Kite shield       |       |     1 |     3 ||     4

Table legend: (Time is in decaauts)
 A = Elapsed time spent in this place.
 B = Non-inter-level travel time spent in this place.
 C = Inter-level travel time spent in this place.
 D = Time resting spent in this place.
 E = Time spent auto-exploring this place.
 F = Levels seen in this place.
 G = Mean time per level.
                   A        B        C        D        E       F      G
               +--------+--------+--------+--------+--------+-----+--------+
         Total |   5278 |   5076 |    202 |    623 |   3703 |   5 | 1055.6 |
       Dungeon |   5278 |   5076 |    202 |    623 |   3703 |   5 | 1055.6 |
               +--------+--------+--------+--------+--------+-----+--------+

Top non-repeatable levels by time:
     D:1: 1525 daAuts
     D:2: 1241 daAuts
     D:3: 1059 daAuts
     D:4: 1014 daAuts
     D:5: 438 daAuts
